 Dungeon Crawl Stone Soup version 0.18.1-8-gdd0e5ea (webtiles) character file.

1287 matakusis the Covert (level 8, -3/52 HPs)
             Began as a Vampire Enchanter on June 5, 2016.
             Killed by divine providence
             ... invoked by an orc priest
              (15 damage)
             ... on level 6 of the Dungeon.
             The game lasted 00:30:41 (6604 turns).

matakusis the Covert (Vampire Enchanter)            Turns: 6604, Time: 00:30:42

Health: -3/52      AC:  7    Str:  6 (7)  XL:     8   Next: 30%
Magic:  0/15       EV: 14    Int: 18      God:
Gold:   223        SH:  0    Dex: 16      Spells: 4 memorised, 6 levels left

rFire  . . .     SeeInvis +     a - +2 dagger
rCold  + + .     Gourm    .     b - +1 robe
rNeg   + + +     Faith    +     (no shield)
rPois  +         Spirit   .     (no helmet)
rElec  .         Dismiss  .     f - +2 cloak
rCorr  .         Reflect  .     s - +0 pair of gloves
SustAt .         Harm     .     (no boots)
MR     .....                    z - amulet of faith
Stlth  ++++++....               (no ring)
                                (no ring)

@: regenerating slowly, not resistant to hostile enchantments, very stealthy
A: fangs 3, see invisible, wild magic 1, unbreathing
a: Bat Form


You were on level 6 of the Dungeon.
You were near bloodless.

You visited 1 branch of the dungeon, and saw 6 of its levels.

You collected 223 gold pieces.

Inventory:

Hand Weapons
 a - a +2 dagger (weapon)
Armour
 b - a +1 robe (worn)
 f - a +2 cloak (worn)
 s - a +0 pair of gloves (worn)
Jewellery
 z - an amulet of faith (around neck)
 C - a +4 ring of intelligence {unknown}
Wands
 g - a wand of flame (16/48)
 w - a wand of iceblast (3/15)
 y - a wand of enslavement (18/24)
Scrolls
 e - a scroll of recharging
 h - 4 scrolls of identify
 i - 5 scrolls of enchant weapon
 k - a scroll of magic mapping
 o - 4 scrolls of enchant armour
 p - 2 scrolls of remove curse
Potions
 d - 10 potions of blood
 j - a potion of magic
 m - a potion of curing
 n - 3 potions of flight
 q - 3 potions of agility
Books
 c - a book of Maledictions

   Spells                             Type                      Level
   a - Corona                         Hexes                        1
   b - Ensorcelled Hibernation        Hexes/Ice                    2
   c - Confuse                        Hexes                        3
   d - Tukima's Dance                 Hexes                        3
   e - Dazzling Spray                 Conjuration/Hexes            3


   Skills:
 + Level 2.5 Short Blades
 + Level 3.5 Dodging
 * Level 10.9 Stealth
 + Level 4.8 Spellcasting
 + Level 8.2 Hexes


You had 6 spell levels left.
You knew the following spells:

 Your Spells              Type           Power        Failure   Level  Hunger
a - Corona                Hex            #####..      1%          1    None
b - Confuse               Hex            #####...     2%          3    ###....
c - Tukima's Dance        Hex            #####...     2%          3    ###....
d - Dazzling Spray        Conj/Hex       ###.....     14%         3    ###....


Dungeon Overview and Level Annotations

Branches:
Dungeon (6/15)
 Temple: D:4-7

Altars:
Ashenzari
Fedhas
Gozag
Pakellas
Qazlal

Shops:
D:4 }*


Innate Abilities, Weirdness & Mutations

You heal slowly.
You have razor-sharp teeth.
You have supernaturally acute eyesight.
You can survive without breathing.
Your spells are a little harder to cast, but a little more powerful.


Message History

The orc priest mumbles some strange prayers to Beogh against you.
Beogh smites you!
* * * LOW HITPOINT WARNING * * *
Found 12 gold pieces.
Drink which item? (? for menu, Esc to quit)
You feel better.
The orc priest calls down the wrath of Beogh upon you.
Beogh smites you!
* * * LOW HITPOINT WARNING * * *
You see here 12 gold pieces.
Casting: Confuse
Confirm with . or Enter, or press ? or * to list all spells.
Aiming: Confuse
Press: ? - help, Shift-Dir - straight line, f/p - orc priest
Aim: an orc priest, wielding a dagger and wearing a leather armour (chance to defeat MR: 69%)
The orc priest struggles to resist.
The orc priest miscasts a cantrip.
The orc priest mumbles some strange prayers to Beogh against you.
Beogh smites you!
You die...

#..########### #.#
#.## #.....o.W....#
#.# #..#
###.#########.# #.##
##.# ........# #o#
#..# #.# ###[###.# #W#
##.# #.# #.# #.# #.#
#.# #<# #o# #.# #.#
#.# #.# #.# #.#
###o########.# #.#
#.###.###.....@...##.#
#.#
#...).......#####.##.#
#.# #####)##....#
#....#######.#
#.###...#
#............# #§#
#...# #.############
.o#
###.#####.##########
..o .................#
..o.
..##..###.#.####.#
o### §§... ..###.#


You could see an orc priest.

Vanquished Creatures
  A sky beast (D:5)
  A phantom (D:4)
  2 ogres
  A centaur (D:5)
  2 scorpions
  A howler monkey (D:4)
  2 crimson imps
  2 jellies
  A centaur skeleton (D:6)
  3 hounds
  2 iguanas
  8 orc wizards
  5 gnolls
  4 adders
  A howler monkey skeleton (D:4)
  A white imp (D:4)
  A dart slug (D:4)
  4 giant geckos
  18 orcs
  3 ball pythons
  A bat zombie (D:1)
  7 giant cockroaches
  7 goblins
  8 hobgoblins
  4 jackals
  2 quokkas
  7 bats
  A giant gecko skeleton (D:5)
  A giant gecko zombie (D:1)
  9 giant newts
  6 kobolds
  10 rats
126 creatures vanquished.

Vanquished Creatures (collateral kills)
  An orc wizard (D:5)
1 creature vanquished.

Vanquished Creatures (others)
  A dancing weapon (D:3)
1 creature vanquished.

Grand Total: 128 creatures vanquished

Notes
Turn   | Place    | Note
--------------------------------------------------------------
     0 | D:1      | matakusis the Vampire Enchanter began the quest for the Orb.
     0 | D:1      | Reached XP level 1. HP: 13/13 MP: 3/3
   234 | D:1      | Reached XP level 2. HP: 19/19 MP: 1/5
   376 | D:1      | Reached skill level 5 in Hexes
   408 | D:1      | Reached skill level 5 in Stealth
   735 | D:1      | Reached XP level 3. HP: 24/24 MP: 0/6
   740 | D:1      | Learned a level 3 spell: Confuse
  1460 | D:2      | Found a shattered altar of Ashenzari.
  2096 | D:2      | Found a stormy altar of Qazlal.
  2496 | D:3      | Reached XP level 4. HP: 30/30 MP: 1/7
  2501 | D:3      | Learned a level 3 spell: Tukima's Dance
  2779 | D:3      | Reached skill level 6 in Stealth
  2818 | D:3      | Reached XP level 5. HP: 16/35 MP: 2/9
  3339 | D:3      | Found a blossoming altar of Fedhas.
  3990 | D:3      | Learned a level 3 spell: Dazzling Spray
  4073 | D:4      | Noticed an ogre
  4088 | D:4      | Killed an ogre
  4088 | D:4      | Reached skill level 7 in Stealth
  4088 | D:4      | Reached XP level 6. HP: 41/41 MP: 1/11
  4281 | D:4      | Found an opulent altar of Gozag.
  4524 | D:4      | Reached skill level 8 in Stealth
  4530 | D:4      | Found Ucsearih's Gadget Boutique.
  4760 | D:4      | Reached XP level 7. HP: 46/46 MP: 12/12
  4835 | D:4      | Found Xiex Riu's General Store.
  4945 | D:5      | Entered Level 5 of the Dungeon
  4986 | D:5      | Reached skill level 9 in Stealth
  5061 | D:5      | Gained mutation: Your spells are a little harder to cast, but a little more powerful. [potion of beneficial mutation]
  5337 | D:5      | Reached skill level 10 in Stealth
  5406 | D:5      | Reached XP level 8. HP: 23/52 MP: 5/14
  5827 | D:4      | Found an oddly glowing altar of Pakellas.
  6604 | D:6      | Killed from afar by an orc priest

Skill      XL: |  1  2  3  4  5  6  7  8 |
---------------+-------------------------+-----
Hexes          | 5 6 7 8 |  8.2
Stealth        | 5 6 7 8 10 | 10.9
Spellcasting   | 3 4 |  4.8
Short Blades   | 2 |  2.5
Dodging        | 3 |  3.5

Action                   |  1- 3 |  4- 6 |  7- 9 || total
-------------------------+-------+-------+-------++-------
Melee: Dagger            |   110 |   159 |   129 ||   398
       Bite              |     5 |    13 |     8 ||    26
 Cast: Corona            |    19 |       |     2 ||    21
       Confuse           |    11 |    25 |    30 ||    66
       Tukima's Dance    |       |     4 |     3 ||     7
  Use: Potion            |     1 |    11 |    11 ||    23
       Scroll            |       |       |    14 ||    14
 Stab: Sleeping          |    18 |    13 |    10 ||    41
       Confused          |     5 |    11 |    14 ||    30
Armor: Robe              |    17 |    28 |    40 ||    85
Dodge: Dodged            |    63 |    73 |    76 ||   212
